[Event "Titled Tuesday Blitz March 21 Late 2023"]
[White "Szente Varga, Fruzsina"]
[Black "Petukhov, Dmitry"]
[WhiteFideId "712264"]
[BlackFideId "4142748"]
[WhiteElo "1994"]
[BlackElo "2311"]
[Result "1-0"]
[Round "07"]
[TimeControl "180+2"]
[Date "2023.03.21"]
[WhiteClock "0:00:30"]
[BlackClock "0:00:08"]

1. e4 c5 2. Nf3 d6 3. d4 cxd4 4. Qxd4 Nc6 5. Bb5 Bd7 6. Qd3 a6 7. Bxc6 Bxc6 8. c4 f5 9. exf5 Nf6 10. Nc3 Qd7 11. O-O O-O-O 12. Nd4 g6 13. Ne6 Re8 14. Nd5 Kb8 15. Nb6 Qxe6 16. fxe6 Bg7 17. b4 Ne4 18. Rb1 Nc3 19. Bb2 Be4 20. Nd7+ Ka8 21. Qe3 Bd4 22. Qd2 Bxb1 23. Bxc3 Bxc3 24. Qxc3 Bf5 25. Re1 Rd8 26. Nb6+ Kb8 27. Nd5 Rhe8 28. b5 axb5 29. cxb5 Rc8 30. Qa5 Rc5 31. Nxe7 Bd3 32. a4 Bc4 33. h3 Rc7 34. Nc6+ bxc6 35. bxc6 d5 36. Rb1+ Kc8 37. Qa8# 1-0


[Site "https://www.chess.com"]

[Event "Titled Tuesday Blitz March 21 Late 2023"]
[White "Mortazavi, Ali"]
[Black "Rios Escobar, Adan"]
[WhiteFideId "401323"]
[BlackFideId "3403645"]
[WhiteElo "2339"]
[BlackElo "2415"]
[Result "1-0"]
[Round "07"]
[TimeControl "180+2"]
[Date "2023.03.21"]
[WhiteClock "0:00:23"]
[BlackClock "0:00:02"]

1. e4 c5 2. Nc3 d6 3. f4 g6 4. Nf3 Bg7 5. Bc4 Nc6 6. f5 gxf5 7. d3 e6 8. O-O fxe4 9. dxe4 Nge7 10. Qe1 Ng6 11. Qg3 O-O 12. h4 Nd4 13. h5 Nxf3+ 14. Rxf3 Ne5 15. h6 Nxf3+ 16. gxf3 Qf6 17. hxg7 Qxg7 18. Bf4 Rd8 19. Qxg7+ Kxg7 20. Kf2 e5 21. Rg1+ Kf8 22. Bh6+ Ke7 23. Nd5+ Kd7 24. Bb5+ Ke6 25. Nc7+ Ke7 26. Nxa8 Bd7 27. Nc7 Bxb5 28. Nxb5 Ke6 29. Nc3 f5 30. Rg7 fxe4 31. fxe4 b5 32. Nd5 Re8 33. Rxa7 b4 34. b3 c4 35. Ke2 cxb3 36. axb3 Rc8 37. Re7# 1-0


[Site "https://www.chess.com"]

[Event "Titled Tuesday Blitz March 21 Late 2023"]
[White "liwadas82"]
[Black "Yelisieiev, Yevhenii"]
[BlackFideId "14139642"]
[WhiteElo "2410"]
[BlackElo "2447"]
[Result "1/2-1/2"]
[Round "07"]
[TimeControl "180+2"]
[Date "2023.03.21"]
[WhiteClock "0:00:06"]
[BlackClock "0:00:07"]

1. e4 d6 2. d4 Nf6 3. Nc3 e5 4. Nf3 Nbd7 5. Bc4 Be7 6. O-O O-O 7. a4 a5 8. Re1 c6 9. b3 exd4 10. Nxd4 Nb6 11. Bd3 g6 12. Bb2 d5 13. e5 Ne8 14. e6 Ng7 15. exf7+ Rxf7 16. h3 Bc5 17. Nf3 Qf8 18. Nb1 Bxh3 19. Ba3 Bg4 20. Be2 Bxa3 21. Nxa3 Re8 22. Qd4 Bxf3 23. Bxf3 Nd7 24. Rxe8 Nxe8 25. Nb1 Nd6 26. Nd2 Nf5 27. Qf4 Qe7 28. Qc7 Nd4 29. Qxb7 Nxc2 30. Rc1 Nd4 31. Kf1 Ne5 32. Qa8+ Rf8 33. Qxa5 Nexf3 34. Nxf3 Nxf3 35. gxf3 Qh4 36. Qc5 Qh1+ 37. Ke2 Qxf3+ 38. Kf1 Qxb3 39. Qxc6 Qh3+ 40. Kg1 Qg4+ 41. Kf1 Qh3+ 42. Kg1 Qg4+ 43. Kf1 Qe4 44. Qc2 Qh1+ 45. Ke2 Qf3+ 46. Kf1 Kg7 47. Qc3+ Qxc3 48. Rxc3 Ra8 49. Ra3 Ra5 50. Ke2 h5 51. Ke3 Kf6 52. Kf4 g5+ 53. Ke3 Kf5 54. f3 h4 55. Kf2 Kf4 56. Kg2 d4 57. Kf2 d3 58. Rxd3 Rxa4 59. Rd2 Rb4 60. Ra2 h3 61. Rc2 Rd4 62. Ra2 Rb4 63. Rc2 Rb1 64. Rc4+ Kf5 65. Kg3 Rh1 66. Rc5+ Kg6 67. Rc4 Kh5 68. Rd4 Rf1 69. Kxh3 Rxf3+ 70. Kg2 Rf8 71. Rd2 Ra8 72. Rc2 Ra3 73. Rd2 Kh4 74. Rc2 Rg3+ 75. Kh2 Rh3+ 76. Kg2 Ra3 77. Rb2 Re3 78. Rc2 g4 79. Rb2 Rc3 80. Ra2 Rb3 81. Rc2 Re3 82. Rb2 Kg5 83. Rc2 Re4 84. Rb2 Kf4 85. Rc2 Ra4 86. Rb2 Ra3 87. Rc2 Kg5 88. Rb2 Kh4 89. Rc2 Rg3+ 90. Kh2 Rf3 91. Kg2 Rf4 92. Rb2 g3 93. Rc2 Kg4 94. Rb2 Ra4 95. Rc2 Rb4 96. Ra2 Rc4 97. Rb2 Kf4 98. Ra2 Re4 99. Rb2 Re3 100. Ra2 Re4 101. Rb2 Kg4 102. Ra2 Rf4 103. Rb2 Rf5 104. Ra2 Rh5 105. Ra4+ Kg5 106. Ra5+ Kg4 107. Rxh5 Kxh5 108. Kxg3 1/2-1/2


[Site "https://www.chess.com"]

[Event "Titled Tuesday Blitz March 21 Late 2023"]
[White "Goncalves, Davi Sulzbacher"]
[Black "Hoffmann, Asa"]
[WhiteFideId "2154510"]
[BlackFideId "2001470"]
[WhiteElo "2182"]
[BlackElo "2117"]
[Result "0-1"]
[Round "07"]
[TimeControl "180+2"]
[Date "2023.03.21"]
[WhiteClock "0:00:03"]
[BlackClock "0:00:04"]

1. d4 Nf6 2. c4 c5 3. d5 e5 4. Nc3 d6 5. g3 Be7 6. Bg2 O-O 7. Nf3 Ne8 8. O-O f5 9. e4 Nf6 10. exf5 Bxf5 11. Ng5 Qd7 12. Be3 Na6 13. a3 Nc7 14. b4 Ng4 15. Bd2 Bxg5 16. Bxg5 h6 17. Bd2 b6 18. Be4 Bxe4 19. Nxe4 Nf6 20. Qe2 Nxe4 21. Qxe4 Qh3 22. bxc5 bxc5 23. Rab1 Ne8 24. Rb7 Qh5 25. g4 Nf6 26. gxh5 Nxe4 27. Be3 Rf7 28. Rfb1 Raf8 29. Rxf7 Rxf7 30. Rb8+ Kh7 31. Ra8 Rd7 32. Kf1 Nf6 33. Ke2 Nxh5 34. Kf3 Kg6 35. a4 Kf5 36. a5 g5 37. a6 Nf6 38. Rh8 h5 39. Rf8 e4+ 40. Kg2 Kg6 41. Rb8 h4 42. h3 Kf5 43. Bd2 g4 44. hxg4+ Nxg4 45. Rb7 Ne5 46. Kh3 Rxb7 47. axb7 Nd7 48. Ba5 Kf4 49. Kg2 h3+ 50. Kg1 Kf3 51. Bc7 h2+ 52. Kxh2 Kxf2 53. Bxd6 e3 54. Bxc5 Kf3 0-1


[Site "https://www.chess.com"]

[Event "Titled Tuesday Blitz March 21 Late 2023"]
[White "drdaro"]
[Black "Papayan, Oleg"]
[BlackFideId "4193911"]
[WhiteElo "2401"]
[BlackElo "2153"]
[Result "1-0"]
[Round "07"]
[TimeControl "180+2"]
[Date "2023.03.21"]
[WhiteClock "0:00:13"]
[BlackClock "0:00:09"]

1. d3 d5 2. e3 e5 3. d4 Nc6 4. Nf3 e4 5. Nfd2 Nf6 6. c4 Ne7 7. b4 c6 8. Nc3 Ng6 9. b5 Bb4 10. Qb3 Bxc3 11. Qxc3 O-O 12. Ba3 Re8 13. Be2 Bg4 14. Bxg4 Nxg4 15. h3 Nf6 16. O-O-O cxb5 17. c5 a5 18. Bb2 b4 19. Qc2 a4 20. Kb1 Qa5 21. Qc1 Rec8 22. f3 b6 23. Nf1 bxc5 24. dxc5 Rxc5 25. Qd2 Rac8 26. Bd4 Rc4 27. Ng3 Qb5 28. Nf5 Qc6 29. Rc1 Qd7 30. g4 exf3 31. Nxg7 Kxg7 32. g5 Kg8 33. Bxf6 Qe6 34. h4 Qe4+ 35. Ka1 b3 36. h5 Rxc1+ 37. Rxc1 Rxc1+ 38. Qxc1 Qe7 39. Bxe7 Nxe7 40. Qc5 Kf8 41. axb3 axb3 42. Qd6 Ke8 43. Qf6 Kd7 44. Qxf3 Ke6 45. Qf6+ Kd7 46. Qxf7 Kd6 47. Qxh7 Nc6 48. Qg6+ Kc5 49. h6 Nb4 50. h7 Nc2+ 51. Qxc2+ bxc2 52. Kb2 d4 53. exd4+ Kxd4 54. h8=Q+ Ke4 55. Qf6 Ke3 56. Kxc2 Ke2 57. Qe5+ Kf1 58. Qh2 Ke1 59. Kd3 Kf1 60. Ke3 Ke1 61. Qe2# 1-0


[Site "https://www.chess.com"]

[Event "Titled Tuesday Blitz March 21 Late 2023"]
[White "Remolar Gallen, Jose"]
[Black "Abduzhaparov"]
[WhiteFideId "2215187"]
[WhiteElo "2223"]
[BlackElo "2364"]
[Result "1-0"]
[Round "07"]
[TimeControl "180+2"]
[Date "2023.03.21"]
[WhiteClock "0:00:07"]
[BlackClock "0:00:01"]

1. e4 d6 2. d4 Nf6 3. Nc3 e5 4. Nf3 Nbd7 5. Bc4 Be7 6. O-O O-O 7. h3 c6 8. a4 b6 9. Re1 a6 10. b4 Rb8 11. b5 cxb5 12. axb5 a5 13. Ba3 Bb7 14. Nd5 Nxd5 15. exd5 Rc8 16. Bb3 e4 17. Rxe4 Nf6 18. Re1 Bxd5 19. Qd3 Bxb3 20. Qxb3 Re8 21. c4 d5 22. c5 a4 23. Qxa4 Ne4 24. c6 Bxa3 25. Qxa3 Qf6 26. Qb3 Qd6 27. Ne5 f6 28. Nd7 Kh8 29. Nxb6 Rc7 30. Nxd5 Rcc8 31. Ne3 f5 32. Nxf5 Qf4 33. Qf3 1-0


[Site "https://www.chess.com"]

[Event "Titled Tuesday Blitz March 21 Late 2023"]
[White "Escanor89"]
[Black "Fernandez Siles, Luis"]
[BlackFideId "2209420"]
[WhiteElo "2506"]
[BlackElo "2186"]
[Result "1/2-1/2"]
[Round "07"]
[TimeControl "180+2"]
[Date "2023.03.21"]
[WhiteClock "0:00:03"]
[BlackClock "0:00:06"]

1. c4 e5 2. Nc3 Nf6 3. Nf3 e4 4. Ng5 c6 5. Ngxe4 Nxe4 6. Nxe4 d5 7. cxd5 cxd5 8. Ng3 h5 9. e3 h4 10. Ne2 Nc6 11. d4 Qf6 12. h3 Be6 13. Nc3 Bd6 14. a3 O-O 15. Qh5 Rfe8 16. Be2 Rad8 17. O-O Bb8 18. Bd3 g6 19. Qh6 Bd6 20. Bd2 Bf8 21. Qf4 Qxf4 22. exf4 Nxd4 23. Rfe1 Bc5 24. Rad1 Nb3 25. Na4 Nxd2 26. Nxc5 Ne4 27. Nxe4 dxe4 28. Bxe4 Rxd1 29. Rxd1 Bb3 30. Rd4 f5 31. Bxb7 Re1+ 32. Kh2 Re2 33. Bd5+ Bxd5 34. Rxd5 Rxb2 35. Ra5 Rxf2 36. Rxa7 Rxf4 37. a4 Rf2 38. a5 Ra2 39. Kg1 f4 40. Kf1 g5 41. Ra6 Kg7 42. Kg1 Ra1+ 43. Kf2 Ra2+ 44. Kf3 Ra3+ 45. Kf2 Ra2+ 46. Kf3 Ra3+ 47. Kf2 Ra2+ 1/2-1/2


[Site "https://www.chess.com"]

[Event "Titled Tuesday Blitz March 21 Late 2023"]
[White "Miszler, Levente"]
[Black "Lauridsen, Jesper Morch"]
[WhiteFideId "763276"]
[BlackFideId "1401890"]
[WhiteElo "2176"]
[BlackElo "2277"]
[Result "0-1"]
[Round "07"]
[TimeControl "180+2"]
[Date "2023.03.21"]
[WhiteClock "0:00:52"]
[BlackClock "0:00:04"]

1. Nf3 Nf6 2. c4 g6 3. g3 Bg7 4. Bg2 O-O 5. O-O c5 6. Nc3 Nc6 7. d3 d6 8. a3 a5 9. Rb1 Bg4 10. Ne1 Qd7 11. Nc2 Bh3 12. b4 axb4 13. axb4 Bxg2 14. Kxg2 cxb4 15. Nxb4 Nxb4 16. Rxb4 Qc6+ 17. Kg1 Nd7 18. Nd5 Rfe8 19. Be3 e6 20. Nb6 Ra1 21. Rb1 Rxb1 22. Qxb1 Nxb6 23. Bxb6 Ra8 24. Qb3 Ra1 25. Rxa1 Bxa1 26. d4 Qe4 27. e3 e5 28. Qa2 Bc3 29. Qa3 exd4 30. exd4 Qe1+ 31. Kg2 Qe4+ 32. f3 Qe2+ 33. Kh3 Qxf3 34. Qxd6 Bd2 35. d5 Qf1+ 36. Kh4 g5+ 37. Kg4 h5+ 38. Kxh5 Qh3# 0-1


[Site "https://www.chess.com"]

[Event "Titled Tuesday Blitz March 21 Late 2023"]
[White "Baskakov, Egor"]
[Black "Wang, Alexander J"]
[WhiteFideId "24197866"]
[BlackFideId "30955270"]
[WhiteElo "2212"]
[BlackElo "2279"]
[Result "0-1"]
[Round "07"]
[TimeControl "180+2"]
[Date "2023.03.21"]
[WhiteClock "0:00:07"]
[BlackClock "0:00:08"]

1. e4 c5 2. Nf3 d6 3. d4 cxd4 4. Nxd4 Nf6 5. Nc3 g6 6. g3 Bg7 7. Bg2 O-O 8. h3 Nc6 9. Nde2 Bd7 10. O-O a6 11. a4 Rc8 12. Nd5 Nxd5 13. exd5 Ne5 14. Ra2 Bf5 15. b3 Qc7 16. Nd4 Bd7 17. a5 Bb5 18. Nxb5 axb5 19. Be3 Nd7 20. Qe2 b4 21. Qb5 Bc3 22. a6 bxa6 23. Rxa6 Rb8 24. Qe2 Nc5 25. Rc6 Qd7 26. h4 Rfc8 27. Kh2 Rxc6 28. dxc6 Qc7 29. Qc4 Qb6 30. Rd1 Rc8 31. h5 Bf6 32. Qg4 Rc7 33. Bg5 Bxg5 34. Qxg5 Ne6 35. Qg4 Qxf2 36. hxg6 hxg6 37. Qc4 Kg7 38. Rf1 Qd4 39. Qb5 Qc5 40. Qd3 Qd4 41. Qb5 Qc5 42. Qxc5 dxc5 43. Ra1 Nd4 44. Ra5 Ne6 45. Bd5 Nd4 46. Rxc5 e6 47. Bg2 Kf6 48. Rc4 e5 49. c3 bxc3 50. Rxc3 Ke7 51. b4 Kd6 52. g4 f5 53. g5 Rh7+ 54. Bh3 e4 55. Kg2 Nxc6 56. b5 Nd4 57. b6 Rb7 58. Rc4 Nc6 59. Kg3 Rxb6 60. Kf4 Rb3 61. Bg2 Rb2 62. Bh1 Ne5 63. Ra4 Rf2+ 64. Ke3 Ng4+ 65. Kd4 Rd2+ 66. Kc3 e3 67. Ra6+ Ke7 68. Rxg6 Rh2 69. Bf3 e2 70. Bxe2 Rxe2 71. Ra6 Re6 72. Ra7+ Kf8 73. Kd4 Re7 74. Ra5 Rf7 75. g6 Rf6 76. Ra7 Rxg6 77. Kd5 Rf6 78. Kd4 f4 79. Ke4 f3 80. Ra1 f2 81. Ra8+ Kg7 82. Ra7+ Kg6 83. Ra1 f1=Q 84. Rxf1 Rxf1 85. Kd5 Ne5 0-1


[Site "https://www.chess.com"]

[Event "Titled Tuesday Blitz March 21 Late 2023"]
[White "Bolourchifard, Farzad"]
[Black "Baches Garcia, Guillermo"]
[WhiteFideId "12510084"]
[BlackFideId "2209764"]
[WhiteElo "2317"]
[BlackElo "2437"]
[Result "1/2-1/2"]
[Round "07"]
[TimeControl "180+2"]
[Date "2023.03.21"]
[WhiteClock "0:00:28"]
[BlackClock "0:00:21"]

1. e4 d5 2. exd5 Qxd5 3. Nc3 Qa5 4. d4 c6 5. Nf3 Nf6 6. Be2 Bg4 7. h3 Bh5 8. O-O e6 9. Bf4 Bb4 10. Nb1 Nbd7 11. c3 Be7 12. Nbd2 O-O 13. Nc4 Qd8 14. Nfe5 Bg6 15. Nxg6 hxg6 16. Bf3 Nd5 17. Bg3 b5 18. Ne3 N7f6 19. a4 a6 20. Re1 Bd6 21. Bh4 Be7 22. Qe2 Nf4 23. Qd2 N6d5 24. Bg3 Nxe3 25. fxe3 Nd5 26. e4 Nb6 27. b3 Bh4 28. Bxh4 Qxh4 29. a5 Nd7 30. c4 Rad8 31. Rac1 Ne5 32. Qf2 Qxf2+ 33. Kxf2 Nd3+ 34. Ke3 Nxc1 35. Rxc1 bxc4 36. Rxc4 Rb8 37. b4 Rfc8 38. e5 Rc7 39. Kd3 Kf8 40. Kc3 Rbc8 41. Be2 Ke7 42. Rc5 Ra8 43. Bf3 Kd7 44. Be2 Raa7 45. Bf3 Ra8 46. Be2 Raa7 47. Bf3 Ra8 1/2-1/2


[Site "https://www.chess.com"]

[Event "Titled Tuesday Blitz March 21 Late 2023"]
[White "Zhurbinsky, David"]
[Black "Melikhov, Evgeny V."]
[WhiteFideId "2072904"]
[BlackFideId "4122046"]
[WhiteElo "2605"]
[BlackElo "2158"]
[Result "0-1"]
[Round "07"]
[TimeControl "180+2"]
[Date "2023.03.21"]
[WhiteClock "0:01:30"]
[BlackClock "0:01:23"]

1. e4 e5 2. Nf3 Nc6 3. Bb5 a6 4. Ba4 Nf6 5. O-O Nxe4 6. d4 b5 7. Bb3 d5 8. dxe5 Be6 9. c3 Bc5 10. Nbd2 O-O 11. Nxe4 dxe4 12. Bxe6 Qxd1 13. Rxd1 fxe6 14. Ng5 Rxf2 15. Kh1 e3 16. Re1 e2 17. Bd2 Nxe5 18. Ne4 Nd3 19. Nxc5 Nxe1 20. h3 Rf1+ 21. Kh2 Nf3+ 22. gxf3 Rxa1 23. Nxe6 Rd1 0-1


[Site "https://www.chess.com"]

[Event "Titled Tuesday Blitz March 21 Late 2023"]
[White "Vovk, Orest"]
[Black "Perez Rodriguez, Jennifer"]
[WhiteFideId "14113490"]
[BlackFideId "3507831"]
[WhiteElo "2215"]
[BlackElo "2170"]
[Result "1-0"]
[Round "07"]
[TimeControl "180+2"]
[Date "2023.03.21"]
[WhiteClock "0:01:36"]
[BlackClock "0:01:19"]

1. h4 e5 2. h5 d5 3. h6 Nxh6 4. d4 Nc6 5. Bxh6 gxh6 6. dxe5 Nxe5 7. Nf3 Bg7 8. Nxe5 Bxe5 9. c3 Bg7 10. g3 Be6 11. Nd2 c6 12. Bg2 Qb6 13. Qb3 Qxb3 14. axb3 a6 15. O-O-O O-O-O 16. e4 d4 17. c4 b5 18. Bh3 Kc7 19. Bxe6 fxe6 20. f4 Rhg8 21. e5 Bf8 22. Ne4 Rg6 23. c5 b4 24. Kd2 Rd5 25. Rc1 Kd7 26. Kd3 Kc7 27. Rc4 a5 28. Ra1 Bxc5 29. Rxc5 Rxc5 30. Nxc5 Rxg3+ 31. Kxd4 Rg4 32. Nxe6+ Kd7 33. Nc5+ Kc7 34. Ke4 h5 35. Rd1 h4 36. e6 Rg7 37. Rd7+ Rxd7 38. exd7 h3 39. Kf3 1-0


[Site "https://www.chess.com"]

[Event "Titled Tuesday Blitz March 21 Late 2023"]
[White "Guzman Moneo, Alberto"]
[Black "Korkmaz, Necmettin"]
[WhiteFideId "2209616"]
[BlackFideId "6303285"]
[WhiteElo "2157"]
[BlackElo "2097"]
[Result "1/2-1/2"]
[Round "07"]
[TimeControl "180+2"]
[Date "2023.03.21"]
[WhiteClock "0:00:12"]
[BlackClock "0:00:13"]

1. e4 e6 2. d3 d5 3. Nd2 Nf6 4. Ngf3 c5 5. g3 Nc6 6. Bg2 g6 7. O-O Bg7 8. exd5 exd5 9. Re1+ Be6 10. Ng5 Qd7 11. Bh3 Nd4 12. Ndf3 O-O 13. Nxe6 Nxe6 14. Ne5 Qc7 15. Nxf7 Nd4 16. Ng5 Rae8 17. c3 Rxe1+ 18. Qxe1 Nc2 19. Qe6+ Kh8 20. Bf4 Qb6 21. Qxb6 axb6 22. Rc1 Ra8 23. Rxc2 Rxa2 24. Ne6 Ra1+ 25. Kg2 Nh5 26. Nxg7 Nxf4+ 27. gxf4 Kxg7 28. f5 Rd1 29. fxg6 hxg6 30. Bc8 Rxd3 31. Bxb7 Kf6 32. Re2 d4 33. Ba6 Rd1 34. cxd4 Rxd4 35. Re3 Rb4 36. Bd3 g5 37. Re2 c4 38. Be4 b5 39. Bc6 Rb3 40. h3 Kf5 41. Be4+ Kf4 42. Bb1 g4 43. Re4+ Kg5 44. Rxg4+ Kh5 45. Be4 Rxb2 46. Bf3 Kh6 47. Rd4 c3 48. Be4 c2 49. Bxc2 Rxc2 50. Rd6+ Kg7 51. Rb6 Rc5 52. h4 Kh7 53. Kg3 Kg7 54. f4 Kh7 55. Kg4 Kg7 56. f5 Rc4+ 57. Kg5 b4 58. Rb7+ Kf8 59. h5 Kg8 60. h6 Kh8 61. f6 Rc1 62. Rxb4 Rg1+ 63. Kf5 Kh7 64. Rg4 Rf1+ 65. Ke6 Kxh6 66. f7 Re1+ 67. Kf6 Rf1+ 68. Ke7 Re1+ 69. Kf8 Kh7 70. Rg8 Re2 71. Rg7+ Kh6 72. Rg4 Kh7 73. Rh4+ Kg6 74. Rh8 Rf2 75. Rg8+ Kf6 76. Ke8 Re2+ 77. Kf8 Ra2 78. Ke8 Ra8+ 79. Kd7 Ra7+ 80. Kc6 Rxf7 81. Rg3 Ke7 82. Kd5 Rf6 83. Re3+ Kf7 84. Re5 Rf1 85. Ke4 Re1+ 86. Kf5 Rf1+ 87. Ke4 Kf6 88. Rb5 Ke6 89. Kd3 Kd6 90. Ke2 Rf4 91. Rb3 Ke5 92. Rf3 Ra4 93. Re3+ Kf4 94. Rb3 Rd4 95. Rb8 Ra4 96. Rh8 Ra2+ 97. Kd3 Ra3+ 98. Kd4 Ra1 99. Rf8+ Kg5 100. Ke4 Re1+ 101. Kd3 Rd1+ 102. Ke2 Rd7 103. Rg8+ Kf6 104. Rg3 Rf7 105. Rf3+ Ke7 106. Rxf7+ Kxf7 1/2-1/2


[Site "https://www.chess.com"]

[Event "Titled Tuesday Blitz March 21 Late 2023"]
[White "Ladan, Nicholas"]
[Black "Toktomushev, Teimur"]
[WhiteFideId "30918855"]
[BlackFideId "14176726"]
[WhiteElo "2167"]
[BlackElo "2116"]
[Result "0-1"]
[Round "07"]
[TimeControl "180+2"]
[Date "2023.03.21"]
[WhiteClock "0:00:05"]
[BlackClock "0:00:07"]

1. d4 d5 2. c4 e6 3. Nf3 Nf6 4. g3 Bb4+ 5. Nbd2 O-O 6. Bg2 b6 7. O-O Bb7 8. Ne5 Nbd7 9. cxd5 Nxd5 10. a3 Bxd2 11. Bxd2 Nxe5 12. dxe5 c5 13. Qc2 Qc7 14. Be4 h6 15. Bc3 Rad8 16. Rfd1 Ne7 17. h4 Bxe4 18. Qxe4 Rxd1+ 19. Rxd1 Rd8 20. Rxd8+ Qxd8 21. Qb7 Qd1+ 22. Kg2 Nd5 23. Qa6 Nxc3 24. bxc3 Qd5+ 25. Kf1 Qxe5 26. c4 Qa1+ 27. Kg2 Qd4 28. e3 Qe4+ 29. Kg1 Qb1+ 30. Kg2 Qe4+ 31. Kg1 Qa8 32. a4 Qb8 33. Qb5 Qc7 34. Qe8+ Kh7 35. Qa8 Qd7 36. Qe4+ g6 37. Qf4 h5 38. Qf6 Kg8 39. Qe5 Qxa4 40. Qb8+ Kh7 41. Qc7 Kg7 42. Qe5+ Kf8 43. Qb8+ Ke7 44. Qc7+ Kf6 45. Qf4+ Ke7 46. Qc7+ Qd7 47. Qf4 Qd1+ 48. Kg2 Qd7 49. Kg1 Kf8 50. Qb8+ Kg7 51. Qe5+ Kh7 52. Qb8 Qe7 53. Qa8 f6 54. Qb8 Kg7 55. Qa8 Qd7 56. Qb8 Qd1+ 57. Kg2 Qd7 58. Kg1 b5 59. cxb5 c4 60. Qf4 c3 61. Qc4 Qd1+ 62. Kg2 c2 63. Qc7+ Kh6 64. Qf4+ Kg7 65. Qc7+ Kf8 66. Qc8+ Ke7 67. Qc7+ Qd7 68. Qxc2 Qxb5 69. Qxg6 Qd5+ 70. e4 Qe5 71. f3 a5 72. Qg7+ Kd6 73. Qa7 Qb2+ 74. Kh3 Qb4 75. Qa6+ Ke5 76. Qa8 a4 77. Qa7 a3 78. Qc7+ Kd4 79. Qd8+ Kc3 80. Qxf6+ Kc2 81. Qxe6 Kb1 82. f4 a2 83. Qxa2+ Kxa2 84. e5 Qe7 85. g4 Qe6 86. f5 Qxe5 87. gxh5 Qxf5+ 88. Kg3 Qxh5 89. Kh3 Kb3 90. Kg3 Kc3 0-1


[Site "https://www.chess.com"]

[Event "Titled Tuesday Blitz March 21 Late 2023"]
[White "Urbina Perez, Juan Antonio"]
[Black "Romero Ruscalleda, Josep"]
[WhiteFideId "2217368"]
[BlackFideId "2231859"]
[WhiteElo "2197"]
[BlackElo "2183"]
[Result "1-0"]
[Round "07"]
[TimeControl "180+2"]
[Date "2023.03.21"]
[WhiteClock "0:01:58"]
[BlackClock "0:01:16"]

1. c4 g6 2. g3 Bg7 3. Bg2 e5 4. Nf3 f5 5. O-O d6 6. d3 Nf6 7. Nc3 O-O 8. Re1 h6 9. Qc2 Nc6 10. Nd5 Kh7 11. Rb1 Be6 12. Nxf6+ Qxf6 13. b4 g5 14. b5 Ne7 15. Bb2 c6 16. a4 Ng6 17. Ba3 c5 18. Bb2 Rab8 19. a5 b6 20. axb6 axb6 21. Ra1 Rf7 22. Ra6 g4 23. Nd2 Bc8 24. Ra4 Bb7 25. Rea1 Bxg2 26. Kxg2 h5 27. Ra7 Rbf8 28. Rxf7 Rxf7 29. Ra6 Qd8 30. Qa4 f4 31. Ne4 f3+ 32. exf3 Rxf3 33. Ra8 Qe7 34. Qa7 Rxd3 35. Qxb6 Qf7 36. Ng5+ 1-0


[Site "https://www.chess.com"]

[Event "Titled Tuesday Blitz March 21 Late 2023"]
[White "Carbone, Diego"]
[Black "TigranHH"]
[WhiteFideId "3002179"]
[WhiteElo "2266"]
[BlackElo "2312"]
[Result "0-1"]
[Round "07"]
[TimeControl "180+2"]
[Date "2023.03.21"]
[WhiteClock "0:00:01"]
[BlackClock "0:00:20"]

1. d4 Nf6 2. c4 e6 3. g3 d5 4. Bg2 Be7 5. Nf3 O-O 6. Nc3 c6 7. O-O Nbd7 8. Nd2 b6 9. Qc2 Bb7 10. e4 Rc8 11. e5 Ne8 12. cxd5 cxd5 13. Re1 f5 14. exf6 Rxf6 15. Nf3 Nd6 16. Bg5 Rxf3 17. Bxe7 Rfxc3 18. Qxc3 Qxe7 19. Qa3 Kf8 20. Bh3 Ne4 21. Qxa7 Bc6 22. Rac1 Qd6 23. Qa6 Ra8 24. Qe2 Kg8 25. f3 Ng5 26. Bxe6+ Kh8 27. f4 Ne4 28. Bg4 Rxa2 29. Bf3 Ndf6 30. Qc2 Bd7 31. Kg2 h6 32. h3 Qb4 33. Re2 Qb5 34. Rce1 Ra7 35. g4 Qb4 36. Bxe4 dxe4 37. g5 Nh5 38. Qxe4 Qd6 39. Qe5 Bc6+ 40. Kf2 Qf8 41. d5 Rf7 42. Re4 Nxf4 43. Kg1 Nd3 44. Qe7 Nxe1 45. Qxf8+ Rxf8 46. dxc6 Nf3+ 47. Kg2 Nxg5 48. Rc4 Rc8 49. c7 Ne6 50. Rc6 Nxc7 51. Kg3 Kg8 52. Kg4 Kf7 53. Kf5 Ke7 54. Kg6 Kd7 55. Rxb6 Ne6 56. Rb7+ Rc7 57. Rb3 Kd6 58. Rd3+ Ke5 59. Re3+ Kd5 60. h4 Nf4+ 61. Kh7 Kd4 0-1


[Site "https://www.chess.com"]

[Event "Titled Tuesday Blitz March 21 Late 2023"]
[White "Quinones Garcia, Santiago"]
[Black "Stachanczyk, Jacek"]
[WhiteFideId "4408497"]
[BlackFideId "1116657"]
[WhiteElo "2263"]
[BlackElo "2084"]
[Result "1-0"]
[Round "07"]
[TimeControl "180+2"]
[Date "2023.03.21"]
[WhiteClock "0:01:57"]
[BlackClock "0:01:27"]

1. d4 Nf6 2. c4 g6 3. Nc3 d6 4. e4 Bg7 5. Nf3 O-O 6. Be2 e5 7. O-O exd4 8. Nxd4 Re8 9. f3 Nc6 10. Be3 Nh5 11. Re1 Nf4 12. Nxc6 Nxe2+ 13. Rxe2 bxc6 14. Rc1 c5 15. Rd2 Bd7 16. Bxc5 Qb8 17. Ba3 Be6 18. b3 Qb6+ 19. Kh1 Bh6 20. Bb2 Bxd2 21. Qxd2 Rf8 22. Qh6 f6 23. h4 Qc5 24. Nd5 Bxd5 25. cxd5 Qf2 26. Rxc7 Rf7 27. Rxf7 Kxf7 28. Qxh7+ Ke8 29. Bxf6 1-0


[Site "https://www.chess.com"]

[Event "Titled Tuesday Blitz March 21 Late 2023"]
[White "ritanovikova"]
[Black "Balla, Tamas-Kristof"]
[BlackFideId "1208497"]
[WhiteElo "2208"]
[BlackElo "2334"]
[Result "0-1"]
[Round "07"]
[TimeControl "180+2"]
[Date "2023.03.21"]
[WhiteClock "0:00:06"]
[BlackClock "0:00:08"]

1. e4 c6 2. d4 d5 3. Nd2 dxe4 4. Nxe4 Nf6 5. Nxf6+ exf6 6. Nf3 Bd6 7. Be2 O-O 8. O-O Re8 9. Be3 Nd7 10. h3 Nf8 11. c4 Bf5 12. Bd3 Qd7 13. Qc2 Bxd3 14. Qxd3 Re7 15. Rad1 Rae8 16. d5 Bb8 17. d6 Re6 18. c5 Ng6 19. b4 a5 20. a3 axb4 21. axb4 Re4 22. Bd4 Nf4 23. Qc2 Nxh3+ 24. Kh2 Nf4 25. Be3 Nxg2 26. Rd4 Nxe3 27. fxe3 Rxe3 28. Rd2 Qg4 29. Qd1 R8e5 30. Rg2 Qh5+ 31. Kg1 Rd5 32. d7 Red3 33. Qe2 Be5 34. Nxe5 Qxe5 35. Qg4 Qe3+ 36. Rff2 Qe1+ 37. Kh2 Qe5+ 38. Kg1 f5 39. Qxg7+ Qxg7 40. Rxg7+ Kxg7 41. Rg2+ Kf6 42. Rh2 Rd1+ 43. Kg2 R1d2+ 0-1


[Site "https://www.chess.com"]

[Event "Titled Tuesday Blitz March 21 Late 2023"]
[White "Ronka, Erik"]
[Black "Michalski, Olaf"]
[WhiteFideId "505080"]
[BlackFideId "1106740"]
[WhiteElo "2264"]
[BlackElo "2173"]
[Result "1-0"]
[Round "07"]
[TimeControl "180+2"]
[Date "2023.03.21"]
[WhiteClock "0:00:17"]
[BlackClock "0:00:02"]

1. a3 d6 2. c4 e5 3. e3 f5 4. d3 Nf6 5. g3 Be7 6. Bg2 O-O 7. Ne2 Qe8 8. Nbc3 c6 9. d4 Nbd7 10. Qc2 Qh5 11. h3 Nb6 12. b3 Bd7 13. Bb2 Rae8 14. O-O-O Qf7 15. f3 Bd8 16. Kb1 exd4 17. exd4 Re3 18. Bc1 Ree8 19. g4 g6 20. Bh6 Re7 21. Ng3 Rfe8 22. gxf5 gxf5 23. Nxf5 Bxf5 24. Qxf5 Qg6 25. Qxg6+ hxg6 26. Bf4 Nc8 27. h4 Nh5 28. Bg5 Rf7 29. Ne4 d5 30. cxd5 cxd5 31. Nc3 Nb6 32. Rhe1 Rxe1 33. Rxe1 Bxg5 34. hxg5 Nf4 35. Bf1 Kf8 36. Nb5 Rf5 37. Nd6 Rxg5 38. Bb5 Rg2 39. Nxb7 Rf2 40. Nc5 Rxf3 41. a4 Rc3 42. a5 1-0


[Site "https://www.chess.com"]

[Event "Titled Tuesday Blitz March 21 Late 2023"]
[White "Wizard_of_Odds"]
[Black "Toniutti, Ezio"]
[BlackFideId "113034"]
[WhiteElo "2349"]
[BlackElo "2215"]
[Result "1-0"]
[Round "07"]
[TimeControl "180+2"]
[Date "2023.03.21"]
[WhiteClock "0:00:23"]
[BlackClock "0:00:11"]

1. d4 d5 2. c4 c6 3. Nf3 Nf6 4. e3 Bf5 5. Nc3 e6 6. Nh4 Be4 7. f3 Bg6 8. Nxg6 hxg6 9. g3 Be7 10. Bd3 O-O 11. O-O Nbd7 12. cxd5 cxd5 13. Qb3 Qb6 14. Qxb6 Nxb6 15. b3 Rfc8 16. Bd2 a5 17. Bb5 Bb4 18. Rfc1 Ba3 19. Rc2 a4 20. Bd3 Ne8 21. Nb5 Rxc2 22. Bxc2 Be7 23. bxa4 Nxa4 24. Rb1 Nd6 25. Nxd6 Bxd6 26. Rxb7 Ba3 27. Rb5 Nb2 28. Ra5 Rc8 29. Bb3 Bd6 30. Ra6 Be7 31. Ra7 Bd6 32. Rd7 Ba3 33. Ra7 Bf8 34. Rb7 Nc4 35. Bxc4 dxc4 36. Bc3 Ra8 37. Rb2 Ra3 38. Rc2 Bd6 39. Kf2 Bc7 40. Bd2 Bb6 41. Ke2 Kf8 42. Kd1 Ke8 43. Kc1 e5 44. Kb2 Rd3 45. dxe5 Bxe3 46. Bxe3 Rxe3 47. Rxc4 Rxe5 48. Re4 Rxe4 49. fxe4 Ke7 50. Kc3 Ke6 51. Kd4 Kd6 52. a4 Kc6 53. Kc4 Kb6 54. Kb4 Kc6 55. a5 1-0


[Site "https://www.chess.com"]